 Dungeon Crawl Stone Soup version 0.27.1-35-g4d5d836560 (webtiles) character file.

Game seed: 15220968745231316948

216 cbfl8 the Sneak (level 5, 0/42 HPs)
             Began as a Minotaur Delver on Apr 20, 2022.
             Slain by an endoplasm (3 damage)
             ... on level 3 of the Dungeon.
             The game lasted 00:06:13 (3285 turns).

cbfl8 the Sneak (Minotaur Delver)                   Turns: 3285, Time: 00:06:14

Health: 0/42       AC:  3    Str: 14 (18) XL:     5   Next: 61%
Magic:  4/4        EV: 11    Int:  6 (7)  God:
Gold:   99         SH:  2    Dex:  8 (11) Spells: 4/4 levels left

rFire    . . .     SeeInvis .   a - +0 falchion
rCold    . . .     Faith    .   q - +0 buckler
rNeg     . . .     Spirit   .   b - +0 leather armour
rPois    .         Reflect  .   (helmet restricted)
rElec    .         Harm     .   (no cloak)
rCorr    +         Rampage  .   (no gloves)
Will     .....                  (no boots)
Stlth    ++........             (no amulet)
HPRegen  0.00/turn              j - ring of resist corrosion
MPRegen  0.09/turn              (no ring)

@: lethally poisoned (0 -> -6), flying, inhibited regen
A: horns 2, retaliatory headbutt, deterioration 1, frail 1, inhibited
regeneration, MP-powered wands
a: no special abilities


You were on level 3 of the Dungeon.
You visited 1 branch of the dungeon, and saw 5 of its levels.

You collected 99 gold pieces.

Inventory:

Hand Weapons
 a - a +0 falchion (weapon)
Armour
 b - a +0 leather armour (worn)
 q - a +0 buckler (worn)
Jewellery
 j - a ring of resist corrosion (left hand)
Wands
 g - a wand of digging (3)
Scrolls
 c - a scroll of fog
 d - a scroll of magic mapping
 i - 2 scrolls of immolation {unknown}
 l - a scroll of blinking {unknown}
 m - a scroll of vulnerability {unknown}
 n - a scroll of identify {unknown}
 o - a scroll of amnesia {unknown}
Potions
 e - 2 potions of flight
 f - a potion of haste
 h - a potion of lignification
 k - a potion of mutation


   Skills:
 + Level 4.6 Fighting
 + Level 3.8 Long Blades
 + Level 2.8 Armour
 + Level 2.8 Dodging
 + Level 5.0 Stealth


You had 4 spell levels left.
You didn't know any spells.
Your spell library contained the following spells:

 Spells                   Type           Power      Damage    Failure   Level
 Dazzling Flash           Conj/Hex       0%         N/A       97%         3
 Iskenderun's Mystic Bla  Conj/Tloc      0%         2d3       100%        4
 Starburst                Conj/Fire      0%         6d3       100%        6


Dungeon Overview and Level Annotations

Branches:
Dungeon (5/15)
 Temple: D:4-7

Altars:
Elyvilon
Zin
The Shining One

Annotations:
D:3 2 transporters, xaos's ghost, amateur HuFE


Innate Abilities, Weirdness & Mutations

You have a pair of horns on your head.
You reflexively headbutt those who attack you in melee.
Your body sometimes deteriorates upon taking damage.
You are frail. (-10% HP)
You do not regenerate when monsters are visible.
You expend magic power (3 MP) to strengthen your wands.


Message History

The bat hits you but does no damage.
You closely miss the water moccasin.
The water moccasin is moderately wounded.
The bat barely misses you. The bat misses you. The water moccasin bites you.
You are poisoned.
The water moccasin poisons you!
You closely miss the water moccasin. You headbutt the water moccasin!
The water moccasin is severely wounded.
You feel very sick. The bat hits you but does no damage.
The water moccasin bites you.
Your body deteriorates!
You feel weakened. The bat hits you but does no damage. The endoplasm hits you.
You block the water moccasin's attack.
Okay, then.
It was a potion of flight.
You feel very buoyant.
You fly up into the air.
* * * LOW HITPOINT WARNING * * *
You feel sick. The bat hits you but does no damage. The bat misses you.
The water moccasin bites you.
* * * LOW HITPOINT WARNING * * *
You block the endoplasm's attack.
The water moccasin bites you but does no damage.
You closely miss the water moccasin.
The water moccasin is severely wounded.
* * * LOW HITPOINT WARNING * * *
You feel very sick.
The endoplasm hits you but does no damage.
The water moccasin closely misses you. You furiously retaliate!
You headbutt the water moccasin.
It was a potion of degeneration.
There was something very wrong with that liquid.
You feel weakened.
You feel dopey.
You feel clumsy.
* * * LOW HITPOINT WARNING * * *
You feel sick. The bat barely misses you. You furiously retaliate!
You headbutt the bat!
You kill the bat!
The water moccasin closely misses you. You furiously retaliate!
You headbutt the water moccasin. The endoplasm hits you.
You die...

####.###..#.#........♣......8)...
#......#.#...†#...♣._.8.......
##.......#........♣..(...8....
#...........#####♣.._..♣♣....
###................♣♣...♣♣##...
#.............#..###♣♣♣♣ #..#.
#.........#...##.(J. #..##.
###..........<#####... ...# #.
#.........#.@....... .... #.
#.......#..†SJ.....##...# #.
####.........#....#...###.. ..
#..........###........#
########.#.#...........#
#8#......#...#########..
......####..##©rr....##.
......####..#8.......8#.
............#......


You could see a water moccasin, an endoplasm and 2 rats.

Vanquished Creatures
  A phantom (D:2)
  5 adders
  4 gnolls (D:2)
  2 worms (D:2)
  2 orcs
  7 endoplasms
  A giant cockroach (D:1)
  7 goblins
  3 hobgoblins
  7 ball pythons
  5 bats
  5 frilled lizards
  8 kobolds
  4 rats
61 creatures vanquished.

Notes
Turn   | Place    | Note
-------+----------+-------------------------------------------
     0 | D:5      | cbfl8 the Minotaur Delver began the quest for the Orb.
     0 | D:5      | Reached XP level 1. HP: 19/19 MP: 0/0
    24 | D:5      | Reached XP level 2. HP: 27/27 MP: 1/1
    93 | D:3      | Found a white marble altar of Elyvilon.
   101 | D:3      | Found a glowing silver altar of Zin.
   102 | D:3      | Found a glowing golden altar of the Shining One.
   518 | D:2      | Reached XP level 3. HP: 33/33 MP: 2/2
  1042 | D:1      | Reached XP level 4. HP: 34/40 MP: 3/3
  1211 | D:1      | Reached skill level 1 in Armour
  1293 | D:1      | Found a faded altar of an unknown god.
  2223 | D:2      | Noticed a phantom
  2238 | D:2      | Gained mutation: You do not regenerate when monsters are
                  | visible. [potion of mutation]
  2238 | D:2      | Gained mutation: Your body sometimes deteriorates upon
                  | taking damage. [potion of mutation]
  2238 | D:2      | Gained mutation: You are frail. (-10% HP) [potion of
                  | mutation]
  2238 | D:2      | Gained mutation: You expend magic power (3 MP) to
                  | strengthen your wands. [potion of mutation]
  2262 | D:2      | Killed a phantom
  2263 | D:2      | Reached skill level 5 in Stealth
  2263 | D:2      | Reached XP level 5. HP: 15/42 MP: 4/4
  3137 | D:3      | Found a transporter.
  3145 | D:3      | Found a transporter.
  3145 | D:3      | Noticed xaos's ghost (amateur HuFE)
  3277 | D:3      | Noticed a water moccasin
  3285 | D:3      | Slain by an endoplasm

Illustrated notes

Levels and vault maps discovered:
D:1:      matt_arrival_spirals, layout_basic, ebering_ecumenical_altar_webs
D:2:      layout_basic, st_stairs_10, minmay_tetromino_s2
D:3:      layout_rooms, good_gods_temple_1, gammafunk_ghost_arena,
          minmay_misc_feat_tiny, corexii_hall_statues_l, cheibrodos_gnoll_hut
D:4:      layout_loops_corners, nicolae_ru_awakened_eye, okawaru_gym_becter,
          minmay_temple_entry_offerings
D:5:      layout_loops_ring, mainiacjoe_overflow_tiny_flanked,
          amethyst_overflow_temple_binary, roderic_batcave,
          amcnicky_mini_pool_small

Skill      XL: |  1  2  3  4 |
---------------+-------------+-----
Fighting       | 4 |  4.6
Armour         | 2 |  2.8
Long Blades    | 3 |  3.8
Stealth        | 5 |  5.0
Dodging        | |  2.8

Action                   |  1- 3 |  4- 6 || total
-------------------------+-------+-------++-------
Melee: Falchion          |    48 |   105 ||   153
       Headbutt          |    12 |    20 ||    32
  Use: Scroll            |     1 |       ||     1
       Potion            |       |     7 ||     7
 Stab: Sleeping          |     2 |     4 ||     6
Armor: Leather armour    |    18 |    22 ||    40
       Skin              |       |    22 ||    22
Dodge: Dodged            |    45 |    48 ||    93
Block: Buckler           |       |     4 ||     4
       Rpst.: Falchion   |    11 |    13 ||    24
